Map: District de Néokirk EC (Void)

Players

Dodo - Winner!

  • Race: Terran Terran
  • League: Diamond
  • Spawn Location: 7:00

Moppel

  • Race: Zerg Zerg
  • League: Platinum
  • Spawn Location: 5:00

VOD

Have the link to the VOD?

Description

Time

  • Played on: Jan. 18, 2017, 1:52 p.m.
  • Length: 18:16
Show
View Real Time Build Order
Export as new Build Order

Dodo Terran - Winner!

Build Orders:  

Get SALT Encoding   

  12  0:01  SCV  
  13  0:13  SCV  
  14  0:20  Supply Depot  
  14  0:25  SCV  
  15  0:30  Refinery  
  15  0:41  SCV  
  16  0:47  Barracks  
  16  0:59  SCV  
  17  1:11  Supply Depot, SCV  
  18  1:23  SCV  
  19  1:40  Orbital Command  
  19  1:45  Marine  
  20  2:06  SCV  
  21  2:13  Factory, Refinery  
  21  2:15  Marine  
  22  2:19  SCV  
  23  2:31  SCV  
  23  2:32  Marine  
  25  2:46  SCV  
  25  2:50  Marine  
  26  2:52  Supply Depot  
  26  2:58  Factory Reactor  
  26  3:01  Starport  
  26  3:08  Marine  
  27  3:15  Supply Depot  
  27  3:26  Marine  
  28  3:30  SCV  
  29  3:36  Widow Mine x2  
  29  3:39  Medivac  
  35  3:42  SCV  
  35  3:44  Marine  
  37  3:53  Supply Depot  
  38  4:02  Marine  
  38  4:05  Widow Mine x2  
  38  4:09  Supply Depot  
  42  4:10  Starport Tech Lab  
  42  4:15  SCV  
  43  4:19  Marine  
  44  4:26  Fusion Core  
  44  4:34  Banshee, Hellion x2  
  44  4:36  Supply Depot  
  44  4:37  Marine  
  52  4:55  Marine, Hellion x2  
  57  5:00  Supply Depot  
  57  5:13  Marine  
  57  5:14  Supply Depot  
  52  5:20  Hellion  
  41  5:31  Marine  
  35  5:39  SCV  
  29  5:48  Marine  
  29  5:49  Supply Depot  
  26  5:51  SCV  
  27  6:03  SCV  
  28  6:06  Marine  
  29  6:15  SCV  
  30  6:24  Marine  
  31  6:27  SCV  
  32  6:39  SCV, Battlecruiser  
  39  6:42  Marine, Hellion  
  42  6:52  Armory, SCV  
  43  7:00  Marine  
  44  7:02  Hellion  
  44  7:04  SCV  
  47  7:10  Hellion  
  49  7:16  SCV  
  49  7:17  Marine  
  51  7:23  Hellion  
  51  7:28  SCV  
  54  7:32  Hellion  
  54  7:35  Marine  
  57  7:40  SCV  
  58  7:44  Hellion  
  60  7:52  SCV  
  60  7:53  Marine  
  62  8:10  Hellbat x2  
  62  8:11  Marine  
  67  8:21  Banshee  
  70  8:29  Marine  
  70  8:31  Hellbat  
  69  8:46  Hellbat  
  69  8:47  Marine  
  72  9:01  Hellion  
  74  9:04  Marine  
  74  9:07  SCV  
  67  9:19  SCV  
  67  9:21  Hellion  
  67  9:22  Marine  
  57  9:31  SCV  
  57  9:37  Widow Mine  
  51  9:40  Marine  
  51  9:42  Widow Mine  
  54  9:58  Marine, Banshee  
  52  10:16  Marine  
  52  10:17  Widow Mine  
  52  10:18  Widow Mine  
  53  10:33  Marine  
  54  10:40  Liberator  
  47  10:46  Widow Mine x2  
  47  10:51  Marine  
  46  11:00  SCV  
  47  11:09  Marine  
  45  11:14  Widow Mine  
  47  11:23  Liberator  
  46  11:26  SCV  
  46  11:27  Marine  
  45  11:45  Marine  
  46  12:02  Marine  
  47  12:20  Marine  
  39  12:31  Orbital Command  
  39  12:38  Marine  
  39  12:56  Marine  
  33  13:14  Marine  
  33  13:16  SCV  
  35  13:27  Widow Mine x2  
  34  13:29  SCV  
  38  13:38  Barracks  
  38  13:41  SCV  
  39  13:49  Barracks  
  39  13:53  Engineering Bay  
  39  14:05  SCV  
  39  14:07  Barracks  
  40  14:21  Barracks  
  40  14:22  SCV  
  40  14:23  Barracks  
  41  14:26  Terran Infantry Weapons Level 1  
  41  14:36  Marine  
  41  14:37  Marine x2  
  44  14:44  Supply Depot  
  44  14:49  SCV  
  45  14:54  Marine x3  
  45  14:55  Marine  
  49  15:12  Marine x4  
  49  15:13  Marine  
  55  15:15  Medivac  
  55  15:19  Barracks Tech Lab  
  56  15:30  Marine x4  
  56  15:31  Marine  
  61  15:39  Combat Shields  
  61  15:41  Marine  
  62  15:47  Marine  
  62  15:48  Marine x3  
  62  15:49  Marine  
  62  15:59  Marine  
  63  16:05  Marine x2  
  63  16:06  Marine x3  
  63  16:08  Missile Turret  
  68  16:17  Marine  
  69  16:23  Marine x3  
  69  16:24  Marine x2  
  74  16:35  Marine  
  75  16:41  Marine x4  
  75  16:42  Marine  
  80  16:52  Marine  
  81  16:59  Marine x4  
  81  17:00  Marine  
  86  17:10  Marine  
  87  17:35  Marine x4  
  87  17:36  Marine x2  
  57  17:52  Marine  
  57  17:53  Marine x3  
  57  17:54  Marine x2  
Show
View Real Time Build Order
Export as new Build Order

Moppel Zerg 

Build Orders: Hatch First, Muta Ling Bane 

Get SALT Encoding   

  12  0:02  Drone  
  13  0:13  Overlord  
  13  0:22  Drone  
  14  0:31  Drone x2  
  14  0:35  Drone  
  17  0:46  Drone  
  18  0:57  Hatchery  
  18  1:03  Drone  
  18  1:08  Extractor  
  18  1:10  Drone  
  19  1:18  Drone  
  19  1:24  Spawning Pool  
  18  1:32  Drone  
  19  1:43  Drone  
  20  1:56  Overlord  
  20  2:06  Drone  
  21  2:11  Queen x2  
  21  2:13  Drone x2  
  27  2:24  Metabolic Boost  
  27  2:26  Drone  
  27  2:27  Drone  
  29  2:33  Zergling x4  
  31  2:47  Baneling Nest  
  30  2:55  Queen x2  
  34  3:02  Overlord  
  34  3:03  Zergling x4  
  36  3:27  Zergling x8  
  36  3:28  Zergling x8  
  36  3:30  Overlord  
  36  3:31  Overlord  
  44  3:50  Spore Crawler  
  43  3:56  Overlord, Zergling x6  
  43  3:57  Zergling x8  
  50  4:15  Spore Crawler  
  49  4:21  Drone x5  
  49  4:23  Baneling x2  
  49  4:24  Baneling x5  
  54  4:35  Drone x2  
  54  4:36  Drone x2  
  48  5:18  Zergling x10  
  48  5:19  Zergling x12  
  45  5:47  Drone  
  45  5:48  Drone x2  
  48  6:12  Lair  
  48  6:17  Extractor  
  47  6:33  Overlord x3  
  47  6:34  Zergling x8  
  47  6:35  Drone x5  
  47  6:37  Baneling x3  
  47  6:38  Baneling x4, Extractor, Hatchery  
  47  6:39  Extractor  
  53  6:40  Hatchery  
  53  6:43  Extractor  
  53  6:45  Extractor  
  50  6:58  Drone  
  50  6:59  Drone x6  
  57  7:05  Extractor x2  
  55  7:26  Spire  
  55  7:27  Drone x2  
  55  7:28  Drone x5  
  61  7:39  Pneumatized Carapace  
  61  7:45  Centrifical Hooks  
  61  7:47  Evolution Chamber  
  61  7:49  Drone x3, Evolution Chamber  
  61  7:50  Drone x4  
  66  8:09  Drone x2  
  68  8:17  Zerg Ground Armor Level 1, Zerg Melee Weapons Level 1  
  68  8:20  Overseer  
  64  8:42  Mutalisk x2  
  64  8:43  Mutalisk x3  
  64  8:45  Zergling x16  
  64  8:46  Zergling x10  
  85  8:54  Mutalisk x2  
  85  9:05  Zerg Flyer Weapons Level 1  
  85  9:08  Zergling x12  
  85  9:09  Zergling x12  
  59  9:38  Queen x2  
  50  9:41  Mutalisk x3  
  50  9:42  Mutalisk  
  49  10:00  Mutalisk x2  
  49  10:01  Mutalisk x2  
  49  10:03  Mutalisk  
  57  10:15  Mutalisk  
  29  11:01  Mutalisk x2  
  29  11:02  Mutalisk  
  35  11:16  Zergling x4  
  37  11:18  Queen  
  37  11:30  Overseer  
  37  11:58  Drone x2  
  37  11:59  Drone x7  
  36  12:45  Queen  
  36  12:46  Drone x7  
  36  12:47  Drone x3  
  46  13:00  Mutalisk x2  
  50  13:53  Hatchery  
  49  14:07  Queen  
  51  14:16  Zerg Flyer Weapons Level 2  
  51  14:18  Zerg Melee Weapons Level 2  
  51  14:28  Evolution Chamber  
  50  14:32  Drone x3  
  50  14:33  Mutalisk x2, Overlord  
  57  14:42  Queen  
  59  15:01  Zerg Ground Armor Level 2  
  59  15:04  Drone x3  
  59  15:05  Drone x4  
  66  15:07  Queen  
  66  15:09  Drone x2  
  70  15:24  Drone x3  
  73  15:30  Drone x4  
  73  15:31  Drone x2  
  79  16:10  Mutalisk x5, Overlord x2  
  79  16:11  Mutalisk x5  
  99  16:29  Extractor  
  99  16:30  Hatchery  
  97  16:35  Extractor  
  96  17:05  Infestation Pit  
  95  17:09  Zergling x8  
  95  17:10  Zergling x12  
  104  17:18  Zergling x4  
  104  17:19  Zergling x10  
  56  17:51  Zergling x2  
  56  17:52  Zergling x14  
  56  17:53  Zergling x10  
Tags
 
Add a new tag
Caveats
  • Supply blocks, unpowered buildings, or Contaminate may cause inaccurate times.
  • Supply counts are checked every 10 seconds.